 Dungeon Crawl Stone Soup version 0.30-a0-12-gd8047c6341 (webtiles) character file.

Game seed: 7064719437401656734

3188 n00bmints the Cleaver (level 9, -4/79 HPs)
             Began as a Minotaur Fighter on Aug 24, 2022.
             Was an Elder of Okawaru.
             Killed by divine providence
             ... invoked by an orc priest
              (8 damage)
             ... on level 8 of the Dungeon.
             The game lasted 01:23:56 (7230 turns).

n00bmints the Cleaver (Minotaur Fighter)            Turns: 7230, Time: 01:23:57

Health: -4/79      AC: 15    Str: 22    XL:     9   Next: 64%
Magic:  17/17      EV: 11    Int:  5    God:    Okawaru [****..]
Gold:   457        SH:  5    Dex: 13    Spells: 8/8 levels left

rFire   . . .      SeeInvis .    w - +4 flail (holy)
rCold   . . .      Faith    .    c - +0 buckler
rNeg    . . .      Spirit   .    f - +2 plate armour
rPois   .          Reflect  .    (helmet restricted)
rElec   .          Harm     .    p - scarf {+Inv}
rCorr   .          Rampage  .    (no gloves)
Will    .....                    (no boots)
Stlth   ..........               (no amulet)
HPRegen 0.23/turn                g - +4 ring of evasion
MPRegen 0.15/turn                d - ring of magical power

@: no status effects
A: horns 2, retaliatory headbutt
a: Renounce Religion, Evoke Invisibility, Heroism, Finesse


You were on level 8 of the Dungeon.
You worshipped Okawaru.
Okawaru was greatly pleased with you.
You visited 2 branches of the dungeon, and saw 9 of its levels.

You collected 457 gold pieces.

Inventory:

Hand Weapons
 a - a +0 war axe
 e - a +2 broad axe of holy wrath
 h - a +0 mace
 k - a +0 dagger
 n - a +0 club
 o - a +0 dagger
 q - a +0 short sword
 w - a +4 flail of holy wrath (weapon)
 B - a +2 whip of flaming
 E - a +2 hand axe of freezing
 F - a +4 mace of freezing
 G - a +0 short sword
Missiles
 j - 47 stones
Armour
 b - a +0 scale mail
 c - a +0 buckler (worn)
 f - a +2 plate armour (worn)
 i - a +1 chain mail
 p - a scarf of invisibility (worn)
 v - a +1 ring mail of willpower
 y - a +2 robe of willpower
Magical Staves
 A - a staff of cold
Jewellery
 d - a ring of magical power (right hand)
 g - a +4 ring of evasion (left hand)
 t - a ring of ice
Wands
 x - a wand of charming (10)
 C - a wand of mindburst (10)
 D - a wand of flame (6)
Scrolls
 l - a scroll of summoning
 m - a scroll of fog
 r - a scroll of teleportation
 u - 3 scrolls of identify
Potions
 z - 3 potions of flight


   Skills:
 + Level 7.4 Fighting
 + Level 8.9(10.2) Axes
 + Level 7.7(9.6) Maces & Flails
 + Level 8.3 Armour
 + Level 1.4 Dodging
 + Level 1.0 Stealth
 + Level 6.2 Shields


You had 8 spell levels left.
You didn't know any spells.
Your spell library contained the following spells:

 Spells                   Type           Power      Damage    Failure   Level
 Beastly Appendage        Tmut           0%         N/A       100%        1
 Wereblood                Tmut           0%         N/A       100%        2
 Spider Form              Tmut/Pois      0%         N/A       100%        3
 Olgreb's Toxic Radiance  Pois           0%         N/A       100%        4
 Ozocubu's Refrigeration  Ice            0%         4d7       100%        7
 Storm Form               Tmut/Air       0%         N/A       100%        7
 Ignition                 Fire           0%         3d3       100%        8
 Maxwell's Capacitive Co  Air            0%         ∞         100%        8
 Summon Small Mammal      Summ           Unusable   N/A       N/A         1
 Call Canine Familiar     Summ           Unusable   N/A       N/A         3
 Summon Guardian Golem    Hex/Summ       Unusable   N/A       N/A         3
 Summon Lightning Spire   Summ/Air       Unusable   N/A       N/A         4

Dungeon Overview and Level Annotations

Branches:
Dungeon (8/15)             Temple (1/1) D:4
   Lair: D:8-11

Altars:
Ashenzari
Cheibriados
Dithmenos
Elyvilon
Gozag
Hepliaklqana
Kikubaaqudgha
Makhleb
Nemelex Xobeh
Okawaru
Qazlal
Ru
Sif Muna
Trog
Uskayaw
Wu Jian
Xom
Yredelemnul
The Shining One


Innate Abilities, Weirdness & Mutations

You have a pair of horns on your head.
You reflexively headbutt those who attack you in melee.


Message History

The gnoll hits you from afar with a +0 halberd.
A gnoll comes into view. It is wielding a +0 spear.
You block the killer bee's attack. The killer bee stings you!
You are poisoned.
The killer bee poisons you! The killer bee stings you.
You see here a killer bee corpse.
You feel very sick. The killer bee misses you. You furiously retaliate!
You headbutt the killer bee!
You kill the killer bee!
Okawaru accepts your kill.
A gnoll comes into view. It is wielding a +0 club.
You feel sick. The gnoll hits you but does no damage.
The orc priest invokes the aid of Beogh against you.
Pain shoots through your body!
A gnoll comes into view. It is wielding a +0 whip.
The gnoll barely misses you.
You see here a killer bee corpse.
The orc priest attacks as you move away!
The orc priest hits you but does no damage.
You feel sick.
The gnoll hits you from afar with a +0 halberd!
* * * LOW HITPOINT WARNING * * *
Blink to where?
Press: ? - help, Dir - move target
As you read the scroll of blinking, it crumbles to dust.
You feel sick.
The orc priest invokes the aid of Beogh against you.
Beogh smites you!
* * * LOW HITPOINT WARNING * * *
You feel sick.
You climb upwards.
You feel sick.
There is a stone staircase leading down here.
You feel sick.
You climb downwards.
You feel sick.
You are no longer poisoned.
The orc priest calls down the wrath of Beogh upon you.
Beogh smites you!
You die...

#...g#
#....#
#.g..###
.......
###....#
#@#....#
#†#....#
#.o?o..#
########


You could see an orc priest.

Vanquished Creatures
  Pikel (D:5)
  A steam dragon (D:7)
  Edmund (D:5)
  2 orc warriors
  An ice beast (D:6)
  A sky beast (D:7)
  3 black bears
  2 kobold brigands (D:7)
  Blork the orc (D:5)
  2 bullfrogs (D:7)
  4 necrophages
  3 scorpions
  8 wights (D:7)
  3 killer bees (D:8)
  A howler monkey (D:4)
  6 hounds
  An orc priest (D:7)
  5 iguanas
  2 hound skeletons (D:2)
  A gnoll (D:7)
  7 adders
  A shadow imp (D:6)
  3 white imps
  An ufetubus (D:5)
  An adder skeleton (D:2)
  2 worms (D:2)
  2 dart slugs
  16 orcs
  5 bats
  A bat skeleton (D:2)
  3 bat zombies (D:2)
  4 endoplasms
  3 giant cockroaches
  5 goblins
  14 hobgoblins
  8 jackals
  4 quokkas
  5 ball pythons
  A ball python skeleton (D:2)
  A ball python zombie (D:2)
  4 frilled lizards
  A jackal skeleton (D:2)
  A jackal zombie (D:2)
  8 kobolds
  2 quokka skeletons (D:2)
  10 rats
  5 bushes (D:5)
167 creatures vanquished.

Vanquished Creatures (others)
  A wizard (D:7)
  5 fungi (D:1)
  49 plants
  2 withered plants (D:2)
57 creatures vanquished.

Grand Total: 224 creatures vanquished

Notes
Turn   | Place    | Note
-------+----------+-------------------------------------------
     0 | D:1      | n00bmints the Minotaur Fighter began the quest for the Orb.
     0 | D:1      | Reached XP level 1. HP: 19/19 MP: 0/0
   121 | D:1      | Reached XP level 2. HP: 17/27 MP: 1/1
   398 | D:1      | Reached XP level 3. HP: 13/33 MP: 2/2
   768 | D:2      | Reached skill level 1 in Maces & Flails
  1054 | D:2      | Reached XP level 4. HP: 30/40 MP: 3/3
  1424 | D:2      | Identified a scroll of acquirement
  2417 | D:3      | Reached skill level 1 in Dodging
  2417 | D:3      | Reached XP level 5. HP: 30/47 MP: 4/4
  2482 | D:3      | Found a burning altar of Makhleb.
  2482 | D:3      | Noticed a green death
  2488 | D:3      | Noticed a neqoxec
  2488 | D:3      | Noticed a ynoxinul
  2934 | D:4      | Noticed a black bear
  2950 | D:4      | Found a glowing golden altar of the Shining One.
  2982 | D:4      | HP: 2/47 [orc/+0 flail (6)]
  2985 | D:4      | Acquired a +2 broad axe of holy wrath
  3039 | D:4      | Found a staircase to the Ecumenical Temple.
  3051 | Temple   | Entered the Ecumenical Temple
  3051 | Temple   | Found a transporter.
  3051 | Temple   | Found a transporter.
  3053 | Temple   | Found a transporter.
  3053 | Temple   | Found a transporter.
  3239 | Temple   | Became a worshipper of Warmaster Okawaru
  3324 | D:4      | Reached skill level 5 in Armour
  3562 | D:4      | Reached XP level 6. HP: 49/55 MP: 5/5
  3630 | D:4      | Reached skill level 5 in Fighting
  3700 | D:4      | Reached * piety under Okawaru
  4004 | D:5      | Entered Level 5 of the Dungeon
  4120 | D:5      | Reached skill level 5 in Axes
  4120 | D:5      | Reached XP level 7. HP: 61/61 MP: 6/6
  4194 | D:5      | Found a basalt altar of Yredelemnul.
  4376 | D:5      | Reached skill level 5 in Shields
  4440 | D:5      | Noticed Edmund
  4453 | D:5      | Killed Edmund
  4647 | D:5      | Noticed Blork the orc
  4660 | D:5      | Killed Blork the orc
  4660 | D:5      | Reached ** piety under Okawaru
  4661 | D:5      | Reached XP level 8. HP: 44/69 MP: 7/7
  4838 | D:5      | Noticed Pikel
  4861 | D:5      | Killed Pikel
  5532 | D:6      | Reached *** piety under Okawaru
  5568 | D:6      | Reached skill level 5 in Maces & Flails
  5694 | D:7      | Reached XP level 9. HP: 69/77 MP: 8/8
  6744 | D:7      | Found a bloodstained altar of Trog.
  6748 | D:7      | Noticed a wizard
  6752 | D:7      | Killed a wizard
  6797 | D:7      | Reached **** piety under Okawaru
  7072 | D:7      | Found an ancient bone altar of Kikubaaqudgha.
  7082 | D:7      | Found an opulent altar of Gozag.
  7214 | D:8      | Reached skill level 1 in Stealth
  7230 | D:8      | Killed from afar by an orc priest

Illustrated notes

Levels and vault maps discovered:
D:1:      giann_bridges, layout_basic, dreamdust_mushroom_princess
D:2:      layout_loops_ring, serial_undead, serial_undead_c, serial_undead_a,
          serial_undead_f, serial_undead_f, serial_undead_b, serial_undead_d,
          serial_undead_c, serial_undead_c, serial_bayou_lagoon_a,
          minmay_misc_feat_four_crosses, dk_noncrumbling_3
D:3:      layout_loops_ring, makhleb_altar_promises_db, minmay_distorted
D:4:      layout_cave_pools, tso_oasis_becter, temple_hall,
          corexii_hall_statues_t
D:5:      layout_basic, mainiacjoe_overflow_boulevard, st_stairs_7,
          kennysheep_nub, uniq_pikel, uniq_blork_the_orc, uniq_edmund
D:6:      layout_rooms, hangedman_abyss_or_decor_lesser_grid
D:7:      layout_loops_ring, trog_wizard, minitemple, sigmund_army
D:8:      layout_basic, nicolae_overflow_hidden_temple, fedhas_altar_fruit_tree,
          mrwooster_statue_mirror
Temple:   hellmonk_temple_divided_pantheon

Skill      XL: |  1  2  3  4  5  6  7  8  9 |
---------------+----------------------------+-----
Armour         | 4 5 6 7 8 |  8.3
Fighting       | 4 5 6 7 |  7.4
Maces & Flails | 1 2 3 5 7 |  7.7
Axes           | 3 5 7 8 |  8.9
Shields        | 4 5 6 |  6.2
Dodging        | 1 |  1.4
Stealth        | 1 |  1.0

Action                   |  1- 3 |  4- 6 |  7- 9 || total
-------------------------+-------+-------+-------++-------
Melee: War axe           |    34 |       |       ||    34
       Headbutt          |    16 |    35 |    70 ||   121
       Mace              |    76 |   103 |       ||   179
       Broad axe         |       |    61 |   140 ||   201
       Flail             |       |       |   177 ||   177
  Use: Potion            |     4 |     7 |     3 ||    14
       Scroll            |     3 |     6 |    10 ||    19
Armor: Scale mail        |    19 |       |       ||    19
       Chain mail        |    42 |   101 |       ||   143
       Plate armour      |       |    27 |   131 ||   158
Dodge: Dodged            |    46 |    99 |   133 ||   278
Block: Buckler           |    17 |    58 |    51 ||   126

Table legend: (Time is in decaauts)
 A = Elapsed time spent in this place.
 B = Non-inter-level travel time spent in this place.
 C = Inter-level travel time spent in this place.
 D = Time resting spent in this place.
 E = Time spent auto-exploring this place.
 F = Levels seen in this place.
 G = Mean time per level.
                   A        B        C        D        E       F      G
               +--------+--------+--------+--------+--------+-----+--------+
         Total |   7386 |   7209 |    177 |      0 |      0 |   9 |  820.7 |
       Dungeon |   7178 |   7085 |     93 |      0 |      0 |   8 |  897.2 |
        Temple |    207 |    123 |     84 |      0 |      0 |   1 |  207.0 |
               +--------+--------+--------+--------+--------+-----+--------+

Top non-repeatable levels by time:
     D:7: 1244 daAuts
     D:5: 1217 daAuts
     D:2: 1118 daAuts
     D:4: 1081 daAuts
     D:3: 940 daAuts
     D:6: 802 daAuts
     D:1: 746 daAuts
  Temple: 207 daAuts
     D:8: 25 daAuts
